 Dungeon Crawl Stone Soup version 0.26-a0-835-g8259106e14 (webtiles) character file.

Game seed: 12492035659778605548

167 jestyr24 the Conjurer (level 5, -1/28 HPs)
             Began as a Deep Elf Conjurer on Nov 18, 2020.
             Slain by a hobgoblin
             ... wielding a +0 club
             ... led by Robin
              (3 damage)
             ... on level 3 of the Dungeon.
             The game lasted 00:23:15 (2492 turns).

jestyr24 the Conjurer (Deep Elf Conjurer)           Turns: 2492, Time: 00:23:17

Health: -1/28      AC:  4    Str:  4    XL:     5   Next: 23%
Magic:  0/14       EV:  9    Int: 24    God:
Gold:   206        SH:  0    Dex: 13    Spells: 8/14 levels left

rFire    . . .     SeeInvis .   l - +1 hand crossbow
rCold    . . .     Faith    .   (no shield)
rNeg     . . .     Spirit   .   a - +2 robe
rPois    .         Reflect  .   (no helmet)
rElec    .         Harm     .   (no cloak)
rCorr    .         Rampage  .   (no gloves)
MR       .....                  (no boots)
Stlth    ++........             k - amulet of regeneration
HPRegen  0.49/turn              s - -4 ring of evasion (curse)
MPRegen  0.14/turn              (no ring)

@: no status effects
A: deformed body, shaggy fur 1
a: no special abilities


You were on level 3 of the Dungeon.
You visited 1 branch of the dungeon, and saw 3 of its levels.

You collected 206 gold pieces.

Inventory:

Hand Weapons
 e - a +0 short sword
 l - a +1 hand crossbow (weapon)
 m - a +0 spear
 q - a +2 short sword of venom
Missiles
 h - 60 stones
 n - 109 arrows
 o - 27 bolts (quivered)
Armour
 a - a +2 robe (worn)
Jewellery
 k - an amulet of regeneration (around neck)
 s - a cursed -4 ring of evasion (left hand)
Scrolls
 c - 2 scrolls of identify
 d - 2 scrolls of teleportation
 u - a scroll of enchant weapon
Potions
 b - a potion of invisibility {unknown}
 f - 2 potions of curing {unknown}
 g - 2 potions of heal wounds {unknown}
 i - a potion of cancellation
 p - a potion of mutation
 r - a potion of might {unknown}
 t - a potion of brilliance {unknown}


   Skills:
 - Level 0.4 Crossbows
 - Level 2.6 Dodging
 - Level 2.5 Stealth
 + Level 5.3 Spellcasting
 - Level 5.9 Conjurations


You had 8 spell levels left.
You knew the following spells:

 Your Spells              Type           Power        Failure   Level
a - Magic Dart            Conj           ####         1%          1
b - Searing Ray           Conj           #####.       1%          2
c - Dazzling Flash        Conj/Hex       ###...       8%          3

Your spell library contained the following spells:

 Spells                   Type           Power        Failure   Level
 Beastly Appendage        Tmut           #.....       9%          1
 Wereblood                Tmut           #.......     13%         2
 Spider Form              Tmut/Pois      #.........   26%         3
 Fulminant Prism          Conj/Hex       ###.......   26%         4
 Iskenderun's Mystic Bla  Conj/Tloc      ###.....     26%         4
 Ice Form                 Ice/Tmut       #.......     63%         4
 Blade Hands              Tmut           #.........   93%         5


Dungeon Overview and Level Annotations

Branches:
Dungeon (3/15)

Altars:


Innate Abilities, Weirdness & Mutations

Armour fits poorly on your strangely shaped body.
You are covered in fur. (AC +1)


Message History

Your body twists and deforms.
Fur sprouts all over your body. The bat barely misses you.
The hobgoblin hits you with a +0 club.
* * * LOW HITPOINT WARNING * * *
The goblin barely misses you.
Casting: Magic Dart (safe; 1% risk of failure)
Confirm with . or Enter, or press ? or * to list all spells.
You don't have enough magic to cast that spell.
Unknown command.
Really attack while wielding your +1 hand crossbow? [Y]es or [N]o only, please.
Really attack while wielding your +1 hand crossbow?
Okay, then.
Unknown command.
Firing (i - inventory. (/) - cycle)
o - 28 bolts (quivered)
Press: ? - help, Shift-Dir - straight line, f - bat
Aim: a bat (grey smoke)
You shoot a bolt. The bolt hits the bat!
You kill the bat!
The hobgoblin hits you with a +0 club.
You die...

....
####.....
#####........
..)...#
..##### #.#
###### #.#
.....§# #..
....)gg##
###.
....)B§@#
#...
.....ggg#
......
.....§§S#
....#..
........#
....
........#
....
.......##
.... .......
.... .......
....


You could see an adder, a giant cockroach, 3 hobgoblins and 2 goblins.

Vanquished Creatures
  A hound (D:3)
  Robin (D:3)
  3 adders
  2 oozes
  4 worms
  2 dart slugs
  2 leopard geckos
  5 orcs (D:3)
  2 giant cockroaches
  10 goblins
  15 hobgoblins
  2 ball pythons (D:3)
  5 bats
  3 frilled lizards
  6 kobolds
  3 rats
66 creatures vanquished.

Notes
Turn   | Place    | Note
-------+----------+-------------------------------------------
     0 | D:1      | jestyr24 the Deep Elf Conjurer began the quest for the Orb.
     0 | D:1      | Reached XP level 1. HP: 10/10 MP: 6/6
   127 | D:1      | Reached XP level 2. HP: 15/15 MP: 2/8
   228 | D:1      | Reached skill level 5 in Conjurations
   675 | D:1      | Reached XP level 3. HP: 14/19 MP: 6/9
  1039 | D:2      | Learned a level 2 spell: Searing Ray
  1043 | D:2      | Learned a level 3 spell: Dazzling Flash
  1650 | D:2      | Reached XP level 4. HP: 24/24 MP: 5/11
  2304 | D:3      | Reached XP level 5. HP: 28/28 MP: 8/14
  2417 | D:3      | Reached skill level 5 in Spellcasting
  2480 | D:3      | Noticed Robin
  2487 | D:3      | Killed Robin
  2491 | D:3      | Gained mutation: Armour fits poorly on your strangely
                  | shaped body. [potion of mutation]
  2491 | D:3      | Gained mutation: You are covered in fur. (AC +1) [potion of
                  | mutation]
  2491 | D:3      | HP: 1/28 [hobgoblin/+0 club[Robin] (4)]
  2492 | D:3      | Slain by a hobgoblin

Illustrated notes

Levels and vault maps discovered:
D:1:      onia_arrival_mini_spirals, layout_basic, skrybe_limestone_x,
          chequers_serial_rivers_micro_e, hangedman_decor_peaks_small,
          kennysheep_small_spiral
D:2:      layout_rooms, serial_park_tiny_2
D:3:      layout_rooms, uniq_robin

Skill      XL: |  1  2  3  4  5 |
---------------+----------------+-----
Conjurations   | 5 |  5.9
Spellcasting   | 4 5 |  5.3
Crossbows      | |  0.4
Dodging        | |  2.6
Stealth        | |  2.5

Action                   |  1- 3 |  4- 6 || total
-------------------------+-------+-------++-------
 Fire: Hand crossbow     |     1 |     2 ||     3
 Cast: Magic Dart        |    67 |    43 ||   110
       Searing Ray       |     3 |     5 ||     8
       Dazzling Flash    |       |     2 ||     2
  Use: Scroll            |     6 |     3 ||     9
       Potion            |     1 |     1 ||     2
Armor: Robe              |     1 |    11 ||    12
Dodge: Dodged            |     4 |    26 ||    30

Table legend: (Time is in decaauts)
 A = Elapsed time spent in this place.
 B = Non-inter-level travel time spent in this place.
 C = Inter-level travel time spent in this place.
 D = Time resting spent in this place.
 E = Time spent auto-exploring this place.
 F = Levels seen in this place.
 G = Mean time per level.
                   A        B        C        D        E       F      G
               +--------+--------+--------+--------+--------+-----+--------+
         Total |   2492 |   2430 |     62 |    689 |    853 |   3 |  830.7 |
       Dungeon |   2492 |   2430 |     62 |    689 |    853 |   3 |  830.7 |
               +--------+--------+--------+--------+--------+-----+--------+

Top non-repeatable levels by time:
     D:1: 1138 daAuts
     D:2: 754 daAuts
     D:3: 599 daAuts
